[Event "Sunday 29 April Rapid Engine Tour 12+1 Rounds 9 Starts 1600 ST"]
[Site "Infinity Chess"]
[Date "2018.4.29"]
[Round "1"]
[White "Dovahkiin"]
[Black "HerzsjeMZ"]
[Result "1/2-1/2"]
[ECO "C77"]
[WhiteElo "2375"]
[BlackElo "2452"]
[WhiteEngine "BrainFish_180423_x64_modern_CTG"]
[BlackEngine "SugaR.XPrO.1.4.64.POCNT"]
[EventType "Swiss"]
[WhiteTeam ""]
[BlackTeam ""]
[PlyCount "94"]
[TimeControl "720+1"]

1. e4 e5 2. Nf3 Nc6 3. Bb5 a6 4. Ba4 Nf6 5. O-O Be7 6. Re1 b5 7. Bb3 O-O 
8. a4 b4 9. d4 d6 10. dxe5 Nxe5 11. Nxe5 dxe5 12. Qe2 Bc5 13. Nd2 a5 14. Nc4 Ng4 
15. Ne3 Qf6 16. h3 Nxe3 17. Bxe3 Bd4 18. Bxd4 exd4 19. e5 Qb6 20. Bd5 Rb8 
21. b3 c5 22. Rad1 Be6 23. Bc4 Rfc8 24. Bb5 Bd5 25. Ba6 Rd8 26. Qf1 Qe6 
27. Bb5 Qf5 28. Bd3 Qf4 29. Bc4 Qf5 30. Qe2 Be6 31. Bd3 Qg5 32. Rf1 Qf4 
33. g3 Qh6 34. h4 Bh3 35. Rfe1 Qe6 36. Qe4 g6 37. Qf4 Bf5 38. Bxf5 Qxf5 
39. Qxf5 gxf5 40. e6 f6 41. e7 Re8 42. Re6 Kf7 43. Ra6 Ra8 44. Rc6 Rac8 
45. Ra6 Ra8 46. Rc6 Rac8 47. Ra6 Ra8 1/2-1/2

[Event "Sunday 29 April Rapid Engine Tour 12+1 Rounds 9 Starts 1600 ST"]
[Site "Infinity Chess"]
[Date "2018.4.29"]
[Round "1"]
[White "Medusa"]
[Black "fsher"]
[Result "1/2-1/2"]
[ECO "B12"]
[WhiteElo "2458"]
[BlackElo "2387"]
[WhiteEngine "Eman 1.70-beta23 64-bit BMI2"]
[BlackEngine "stockfish_17060619_x64_modern_CTG"]
[EventType "Swiss"]
[WhiteTeam ""]
[BlackTeam ""]
[PlyCount "105"]
[TimeControl "720+1"]

1. e4 c6 2. d4 d5 3. Nd2 dxe4 4. Nxe4 Bf5 5. Ng3 Bg6 6. Nf3 Nd7 7. Bd3 Ngf6 
8. O-O e6 9. Bxg6 hxg6 10. Bg5 Qb6 11. Rb1 c5 12. c4 cxd4 13. b4 Be7 
14. Nxd4 Rd8 15. c5 Qa6 16. Qb3 Nxc5 17. bxc5 Rxd4 18. Qxb7 Qxb7 19. Rxb7 Bxc5 
20. Rc1 Bb6 21. Rc8+ Bd8 22. Rxa7 O-O 23. Raa8 Rd5 24. Bf4 Ra5 25. Kf1 Rxa8 
26. Rxa8 Bb6 27. Rxf8+ Kxf8 28. Ke2 Ke7 29. Be3 Bxe3 30. Kxe3 Ng4+ 31. Kd2 e5 
32. h3 Nf6 33. h4 Kd7 34. Ne2 Kd6 35. Nc3 Kc5 36. Kd3 Nd7 37. Ne4+ Kc6 
38. Ng5 Nc5+ 39. Kc4 f6 40. Nf7 Ne6 41. Nh8 g5 42. hxg5 Nxg5 43. f3 Ne6 
44. Ng6 Nd4 45. Ne7+ Kd6 46. Ng6 Kc6 47. a3 Nc2 48. a4 Ne3+ 49. Kd3 Nxg2 
50. Ke4 Kb6 51. Nxe5 fxe5 52. Kxe5 Ka5 53. Kf5 1/2-1/2

[Event "Sunday 29 April Rapid Engine Tour 12+1 Rounds 9 Starts 1600 ST"]
[Site "Infinity Chess"]
[Date "2018.4.29"]
[Round "1"]
[White "hafaba"]
[Black "CoffeeOne"]
[Result "1/2-1/2 "]
[ECO "C77"]
[WhiteElo "2400"]
[BlackElo "2476"]
[WhiteEngine "Eman 1.70-beta21 64-bit POPCNT_CTG"]
[BlackEngine "cfish-2018-04-28"]
[EventType "Swiss"]
[WhiteTeam ""]
[BlackTeam ""]
[PlyCount "31"]
[TimeControl "720+1"]

1. e4 e5 2. Nf3 Nc6 3. Bb5 a6 4. Ba4 Nf6 5. O-O Be7 6. Re1 b5 7. Bb3 O-O 
8. c3 d6 9. h3 Bb7 10. d4 Re8 11. Nbd2 Bf8 12. a4 exd4 13. cxd4 Qd7 14. Bc2 Nb4 
15. Bb1 c5 16. d5 1/2-1/2

[Event "Sunday 29 April Rapid Engine Tour 12+1 Rounds 9 Starts 1600 ST"]
[Site "Infinity Chess"]
[Date "2018.4.29"]
[Round "1"]
[White "Gilgamesch"]
[Black "ocirema"]
[Result "1-0"]
[ECO "C50"]
[WhiteElo "2480"]
[BlackElo "2402"]
[WhiteEngine "BrainFish_180408_x64_bmi2"]
[BlackEngine "asmFishW_9_popcnt_CTG"]
[EventType "Swiss"]
[WhiteTeam ""]
[BlackTeam ""]
[PlyCount "199"]
[TimeControl "720+1"]

1. e4 e5 2. Nf3 Nc6 3. Bc4 Bc5 4. O-O Nf6 5. Re1 Ng4 6. Rf1 Nf6 7. d3 d6 
8. Re1 a5 9. Nbd2 O-O 10. c3 h6 11. Nf1 Be6 12. Bb5 Bb6 13. Ng3 Ne7 14. h3 Nd7 
15. d4 f5 16. exf5 Nxf5 17. Ba4 Nxg3 18. fxg3 Qf6 19. Kh2 c6 20. Bc2 Bc7 
21. Be3 Rad8 22. dxe5 dxe5 23. Nd2 Qe7 24. Qe2 Nf6 25. Bg1 Kh8 26. b3 Qa3 
27. Rf1 e4 28. Bd4 Qe7 29. Qe3 Rxd4 30. cxd4 Bd5 31. Rae1 Re8 32. Re2 b5 
33. Rf5 Kg8 34. Ref2 Bd6 35. Rf1 Bc7 36. Kh1 Bd6 37. a4 bxa4 38. bxa4 Bc7 
39. Kh2 Qd6 40. Nb1 Re7 41. Nc3 Qe6 42. Kg1 Bc4 43. R1f2 Bb6 44. Nxe4 Nxe4 
45. Rf8+ Kh7 46. R8f4 Bd5 47. Re2 g5 48. Bxe4+ Kg7 49. Rg4 Bd8 50. Kh2 Re8 
51. Qf3 Qf6 52. h4 Qxf3 53. gxf3 Bf6 54. f4 h5 55. fxg5 hxg4 56. gxf6+ Kxf6 
57. Rf2+ Kg7 58. Bxd5 cxd5 59. Rf4 Re2+ 60. Kg1 Ra2 61. Rxg4+ Kh6 62. Rg5 Rxa4 
63. Rxd5 Ra2 64. Rg5 a4 65. Ra5 a3 66. g4 Rd2 67. Rxa3 Rxd4 68. Rg3 Rd1+ 
69. Kh2 Ra1 70. Rc3 Kg7 71. h5 Kh6 72. Rc6+ Kg7 73. h6+ Kh7 74. Kg3 Rg1+ 
75. Kh4 Ra1 76. g5 Rh1+ 77. Kg3 Rg1+ 78. Kf4 Rf1+ 79. Ke3 Re1+ 80. Kf2 Re7 
81. Kg3 Rb7 82. Kf4 Re7 83. Kf5 Rf7+ 84. Ke5 Rf1 85. Rc7+ Kg8 86. g6 Re1+ 
87. Kf4 Rf1+ 88. Ke4 Re1+ 89. Kf3 Re8 90. Kg4 Rb8 91. Rg7+ Kh8 92. Re7 Rb4+ 
93. Kf5 Rb8 94. Re5 Rf8+ 95. Kg5 Rc8 96. h7 Kg7 97. Re7+ Kh8 98. Kh6 Rg8 
99. hxg8=Q+ Kxg8 100. Re8# 1-0

[Event "Sunday 29 April Rapid Engine Tour 12+1 Rounds 9 Starts 1600 ST"]
[Site "Infinity Chess"]
[Date "2018.4.29"]
[Round "1"]
[White "angriff"]
[Black "Deep_Impact"]
[Result "1/2-1/2"]
[ECO "C50"]
[WhiteElo "2422"]
[BlackElo "2511"]
[WhiteEngine "DracoREX 3.07 64BIT POPCNT_CTG"]
[BlackEngine "asmFishW_2018-04-24_bmi2"]
[EventType "Swiss"]
[WhiteTeam ""]
[BlackTeam ""]
[PlyCount "191"]
[TimeControl "720+1"]

1. e4 e5 2. Nf3 Nc6 3. Bc4 Bc5 4. O-O d6 5. c3 Nf6 6. d3 a5 7. Re1 O-O 
8. Nbd2 h6 9. h3 Be6 10. Bb5 Qb8 11. Nf1 Qa7 12. Re2 a4 13. Ng3 Qa5 
14. Bxc6 bxc6 15. Nh4 Rfe8 16. Re1 d5 17. exd5 cxd5 18. Rxe5 Bf8 19. Qc2 c5 
20. Bd2 Nd7 21. Re2 c4 22. d4 a3 23. bxa3 Qxa3 24. Nf3 Reb8 25. Be3 Qa4 
26. Qd2 Ra6 27. Ne5 Nf6 28. Bf4 Rb7 29. f3 Ba3 30. Ng4 Ne8 31. Nh5 Rb2 
32. Qe1 Rxe2 33. Qxe2 Rb6 34. Bc1 Bf8 35. Nf4 Bxg4 36. hxg4 Nf6 37. Nh3 Bd6 
38. Bf4 Ba3 39. Bc1 Bd6 40. Kf1 g5 41. Nf2 Bg3 42. Qd1 Qa5 43. Bd2 Bxf2 
44. Kxf2 Rb2 45. Qc1 Rxa2 46. Rxa2 Qxa2 47. g3 Ne8 48. Qe1 Kf8 49. Qe2 Nd6 
50. Be1 Qxe2+ 51. Kxe2 Ke7 52. Bd2 Nb5 53. Kd1 Kf6 54. Ke2 Nd6 55. Bc1 Nb5 
56. Bb2 Kg6 57. Ke3 h5 58. gxh5+ Kxh5 59. g4+ Kh6 60. Kf2 Kg6 61. Kg3 Kg7 
62. Kh3 Kg6 63. Kh2 Nd6 64. Kg2 f5 65. Kg3 f4+ 66. Kf2 Ne8 67. Ba3 Kf6 
68. Bb4 Kg6 69. Be7 Nf6 70. Ke2 Kf7 71. Bd6 Ng8 72. Kd2 Nf6 73. Be5 Nd7 
74. Bd6 Kf6 75. Bb4 Ke6 76. Ba3 Nb8 77. Bb4 Kf6 78. Bc5 Nd7 79. Ba3 Ke6 
80. Bb4 Nf6 81. Kc1 Ne8 82. Kd2 Nd6 83. Ba3 Nb5 84. Bb4 Kf6 85. Ke2 Ke6 
86. Kd1 Kf7 87. Kc1 Ke6 88. Kd1 Kf7 89. Ke1 Nc7 90. Kf2 Kf6 91. Ba5 Nb5 
92. Bb4 Nc7 93. Ba3 Nb5 94. Bb4 Kg6 95. Ke2 Kf6 96. Kf2 1/2-1/2

[Event "Sunday 29 April Rapid Engine Tour 12+1 Rounds 9 Starts 1600 ST"]
[Site "Infinity Chess"]
[Date "2018.4.29"]
[Round "1"]
[White "Murx"]
[Black "KhalidOmar"]
[Result "1/2-1/2"]
[ECO "C53"]
[WhiteElo "2515"]
[BlackElo "2444"]
[WhiteEngine "asmFishW_2018-04-07_popcnt"]
[BlackEngine "Eman 1.70-beta28 64-bit BMI2"]
[EventType "Swiss"]
[WhiteTeam ""]
[BlackTeam ""]
[PlyCount "102"]
[TimeControl "720+1"]

1. e4 e5 2. Nf3 Nc6 3. Bc4 Bc5 4. c3 Nf6 5. d3 O-O 6. Bg5 h6 7. Bh4 g5 8. Bg3 d6 
9. O-O a5 10. a4 Kg7 11. Na3 Ne7 12. Nc2 Bb6 13. Ne3 Ng6 14. Bb3 c6 15. Bc2 Bxe3 
16. fxe3 h5 17. Be1 Nh7 18. d4 h4 19. Qd2 Qe7 20. h3 g4 21. hxg4 Bxg4 
22. Qf2 Ng5 23. Nxh4 Nxh4 24. Qxh4 Be2 25. Rf5 f6 26. Qg3 Rh8 27. Bd1 Bc4 
28. dxe5 dxe5 29. b3 Bf7 30. Rxg5+ fxg5 31. c4 Bg6 32. Bc3 Rae8 33. Bg4 Bxe4 
34. Rd1 Kg8 35. Rd7 Qf6 36. Rxb7 Rh6 37. Rc7 Rh4 38. Bh3 Bd3 39. Bxa5 Qf1+ 
40. Kh2 Qf6 41. Be1 Rh6 42. a5 Be2 43. a6 g4 44. a7 Qf1 45. Re7 Ra8 
46. Qxe5 Rxh3+ 47. gxh3 Qxh3+ 48. Kg1 Qf1+ 49. Kh2 Qh3+ 50. Kg1 Qf1+ 
51. Kh2 Qh3+ 1/2-1/2

[Event "Sunday 29 April Rapid Engine Tour 12+1 Rounds 9 Starts 1600 ST"]
[Site "Infinity Chess"]
[Date "2018.4.29"]
[Round "1"]
[White "Marsell"]
[Black "Susanne"]
[Result "1/2-1/2"]
[ECO "B32"]
[WhiteElo "2449"]
[BlackElo "2559"]
[WhiteEngine "BrainFish_180418_x64_bmi2"]
[BlackEngine "asmFishW_IX_bmi2_CTG"]
[EventType "Swiss"]
[WhiteTeam ""]
[BlackTeam ""]
[PlyCount "92"]
[TimeControl "720+1"]

1. e4 c5 2. Nf3 Nc6 3. d4 cxd4 4. Nxd4 e5 5. Nb5 d6 6. N1c3 a6 7. Na3 b5 
8. Nd5 Nf6 9. Bg5 Be7 10. Bxf6 Bxf6 11. c3 Rb8 12. Nc2 Bg5 13. a4 bxa4 
14. Ncb4 Nxb4 15. Nxb4 Bd7 16. Bxa6 Qa5 17. Qxd6 Rb6 18. Qd3 Be6 19. Bc4 Rxb4 
20. Bxe6 Rd4 21. Qf3 O-O 22. Bd5 Bd2+ 23. Kf1 Qb5+ 24. c4 Qxb2 25. Rxa4 Rxd5 
26. exd5 Qb1+ 27. Ke2 Qc2 28. Qd3 Qxa4 29. Kxd2 Qa7 30. Ke2 Qa2+ 31. Ke3 f5 
32. d6 Qa7+ 33. c5 Qxc5+ 34. Ke2 Qc6 35. Rd1 Qxg2 36. Qc4+ Kh8 37. d7 Rd8 
38. Qf7 Qg4+ 39. f3 Qg6 40. Qe7 Qg2+ 41. Ke1 Qg1+ 42. Ke2 Qxh2+ 43. Ke3 Qf4+ 
44. Ke2 Qh2+ 45. Ke3 Qf4+ 46. Ke2 Qh2+ 1/2-1/2

[Event "Sunday 29 April Rapid Engine Tour 12+1 Rounds 9 Starts 1600 ST"]
[Site "Infinity Chess"]
[Date "2018.4.29"]
[Round "1"]
[White "KRAKEN"]
[Black "star99"]
[Result "1/2-1/2"]
[ECO "E10"]
[WhiteElo "2570"]
[BlackElo "2450"]
[WhiteEngine "Raubfisch X38b3._CTG"]
[BlackEngine "Cryptic Heroes 9.4B"]
[EventType "Swiss"]
[WhiteTeam ""]
[BlackTeam ""]
[PlyCount "122"]
[TimeControl "720+1"]

1. d4 Nf6 2. c4 e6 3. Nf3 d5 4. Nc3 c6 5. Bg5 dxc4 6. e4 b5 7. e5 h6 8. Bh4 g5 
9. Nxg5 hxg5 10. Bxg5 Nbd7 11. exf6 Bb7 12. g3 c5 13. d5 Nxf6 14. Bg2 Bh6 
15. Bxf6 Qxf6 16. O-O O-O-O 17. Nxb5 a6 18. Nc3 exd5 19. Na4 Bc6 20. Re1 Kb8 
21. Nxc5 Ka7 22. Rb1 Bf8 23. b4 d4 24. Ne4 Qg6 25. b5 axb5 26. Nc3 b4 
27. Re5 Kb8 28. Ne4 Rh6 29. h4 f5 30. Nc5 Bxg2 31. Rxb4+ Kc8 32. Qb1 Bxc5 
33. Rxc5+ Bc6 34. Rbxc4 Kc7 35. Rb4 Rc8 36. Rxd4 Rb8 37. Qc1 Rd8 38. Qf4+ Rd6 
39. Kh2 Kd7 40. a3 Rxd4 41. Qxd4+ Qd6 42. Qxd6+ Rxd6 43. Rxf5 Rd4 44. Rc5 Rd2 
45. Rf5 Rd4 46. Ra5 Rd2 47. Rf5 Ra2 48. Rg5 Rxf2+ 49. Kh3 Rf6 50. Re5 Rf3 
51. Rg5 Ba4 52. Kg4 Rxa3 53. h5 Bd1+ 54. Kh3 Bc2 55. h6 Ke7 56. Kh4 Kf7 
57. g4 Be4 58. h7 Bxh7 59. Rb5 Bg8 60. Re5 Ra4 61. Rf5+ Kg7 1/2-1/2

[Event "Thursday 05 April Rapid Engine Tour 12+1 Rounds 9 Starts 1600ST"]
[Site "Infinity Chess"]
[Date "2018.4.5"]
[Round "9"]
[White "star99"]
[Black "localhero"]
[Result "1/2-1/2 "]
[ECO "C65"]
[WhiteElo "2383"]
[BlackElo "2392"]
[WhiteEngine "Cryptic Heroes 9.3B"]
[BlackEngine "asmFishW_2017-10-04_popcnt"]
[EventType "Swiss"]
[WhiteTeam ""]
[BlackTeam ""]
[PlyCount "172"]
[TimeControl "720+1"]

1. e4 e5 2. Nf3 Nc6 3. Bb5 Nf6 4. O-O Nxe4 5. Re1 Nd6 6. Nxe5 Be7 7. Bf1 Nxe5 
8. Rxe5 O-O 9. d4 Bf6 10. Re1 Re8 11. c3 Rxe1 12. Qxe1 Ne8 13. Bf4 d5 
14. Nd2 Bf5 15. Qe3 c6 16. Re1 Nd6 17. Nf3 a5 18. Ne5 h6 19. g4 Bh7 20. Bg3 Bg5 
21. f4 Bf6 22. f5 Ne4 23. Bd3 Nxg3 24. hxg3 Kf8 25. c4 dxc4 26. Bxc4 Rc8 
27. Kg2 Rc7 28. g5 Bxg5 29. Qa3+ c5 30. dxc5 Be7 31. Qf3 Bxc5 32. Ng6+ Bxg6 
33. fxg6 f6 34. Bb5 Re7 35. Rxe7 Qxe7 36. Qd5 Bd6 37. Kh3 Be5 38. Bc4 Ke8 
39. Bb5+ Kf8 40. Bc4 Ke8 41. Qxa5 Qd7+ 42. g4 Ke7 43. Qb4+ Bd6 44. Qe1+ Kf8 
45. Qe6 Qxe6 46. Bxe6 Ke7 47. Bc8 b6 48. b3 Ba3 49. Kg2 b5 50. Kg3 Kd6 
51. Kf4 b4 52. Bf5 Bc1+ 53. Ke4 Bd2 54. Kd3 Be1 55. Kd4 Bf2+ 56. Ke4 Bb6 
57. Kf4 Kd5 58. Be4+ Kd4 59. Kf5 Ke3 60. Bc6 Ba7 61. Bb7 Bd4 62. Bd5 Bc5 
63. Be6 Kf3 64. Bc4 Ke3 65. Bb5 Bd4 66. Bd7 Bc3 67. Be6 Kd3 68. Bd5 Kc2 
69. Be4+ Kb2 70. Ke6 f5 71. Kxf5 Kxa2 72. Bd5 Kb2 73. Kf4 Bd2+ 74. Ke4 Bc3 
75. Kf3 Bf6 76. Kf4 Bg5+ 77. Kf3 Kc3 78. Ke4 Be7 79. Bc4 Bd8 80. Bd5 Bf6 
81. Ke3 Be5 82. Ke4 Bc7 83. Bc4 Kb2 84. Bd5 Kc3 85. Bg8 Bb8 86. Ke3 Bh2 1/2-1/2

[Event "Thursday 05 April Rapid Engine Tour 12+1 Rounds 9 Starts 1600ST"]
[Site "Infinity Chess"]
[Date "2018.4.5"]
[Round "9"]
[White "IronMan"]
[Black "SkyPilot"]
[Result "1/2-1/2"]
[ECO "C77"]
[WhiteElo "2470"]
[BlackElo "2451"]
[WhiteEngine "Eman 1.70-beta15 64-bit BMI2"]
[BlackEngine "stockfish_x64_bmi2_2018_03_30_CTG"]
[EventType "Swiss"]
[WhiteTeam ""]
[BlackTeam ""]
[PlyCount "113"]
[TimeControl "720+1"]

1. e4 e5 2. Nf3 Nc6 3. Bb5 a6 4. Ba4 Nf6 5. O-O Be7 6. Re1 b5 7. Bb3 O-O 
8. h3 Bb7 9. d3 d5 10. exd5 Nxd5 11. a4 Nf6 12. Nbd2 Bd6 13. c3 h6 14. axb5 axb5 
15. Rxa8 Qxa8 16. Ne4 Nxe4 17. dxe4 Na5 18. Bc2 Qa6 19. Nh2 Re8 20. Ng4 Bf8 
21. Qf3 Nc4 22. Qg3 Kh8 23. b3 Nd6 24. f3 Qc6 25. Bd2 Bc8 26. Nf2 f6 27. Nd3 Nf7 
28. Ra1 Be6 29. Qf2 Rd8 30. b4 Nd6 31. Be1 Ra8 32. Ra7 Bg8 33. Kh2 Bf7 
34. Bb1 Kh7 35. Ba2 Nc4 36. Rxa8 Qxa8 37. Bb3 h5 38. Qa2 Qxa2 39. Bxa2 Be7 
40. g4 Kg8 41. Kg3 hxg4 42. hxg4 c6 43. Kf2 Be6 44. Ke2 Kf7 45. Bb3 Bd6 
46. Bf2 Na3 47. Nc5 Bxc5 48. Bxe6+ Kxe6 49. Bxc5 Nc4 50. Kd3 g6 51. Bf2 g5 
52. Bc5 Nd6 53. Bxd6 Kxd6 54. c4 bxc4+ 55. Kxc4 Ke6 56. Kb3 Ke7 57. Kc4 1/2-1/2

[Event "Thursday 05 April Rapid Engine Tour 12+1 Rounds 9 Starts 1600ST"]
[Site "Infinity Chess"]
[Date "2018.4.5"]
[Round "9"]
[White "CrapCleaner"]
[Black "koalachess"]
[Result "1-0"]
[ECO "C11"]
[WhiteElo "2430"]
[BlackElo "2253"]
[WhiteEngine "Houdini 6.03 Standard_CTG"]
[BlackEngine "asmFishW_2017-11-19_popcnt_CTG"]
[EventType "Swiss"]
[WhiteTeam ""]
[BlackTeam ""]
[PlyCount "125"]
[TimeControl "720+1"]

1. e4 e6 2. d4 d5 3. Nc3 Nf6 4. e5 Nfd7 5. f4 c5 6. Nf3 Nc6 7. Be3 cxd4 
8. Nxd4 Qb6 9. Na4 Qa5+ 10. Nc3 Qb6 11. Qd2 Qxb2 12. Rb1 Qa3 13. Bb5 Nxd4 
14. Bxd4 a6 15. Rb3 Qe7 16. Ba4 g6 17. O-O Bg7 18. Bxd7+ Qxd7 19. Bc5 b5 
20. Qd4 Qc7 21. a4 Bd7 22. axb5 Rc8 23. Bb4 axb5 24. Ra1 Qc4 25. Qxc4 bxc4 
26. Rb2 Bf8 27. Ra7 Bxb4 28. Rxb4 Bc6 29. Ne2 O-O 30. Nd4 Rfd8 31. g4 Be8 
32. Kf2 Ra8 33. Rbb7 Rxa7 34. Rxa7 Kf8 35. Ke3 Rb8 36. f5 Rb1 37. f6 Rb8 
38. g5 Kg8 39. c3 Kf8 40. Nc2 Rb2 41. Nb4 Rg2 42. Ra8 Rxg5 43. Nc6 h5 
44. Nb8 Rxe5+ 45. Kd2 Rf5 46. Nd7+ Kg8 47. Rxe8+ Kh7 48. Rf8 Kh6 49. Rxf7 Kg5 
50. Ke3 h4 51. Rh7 Kg4 52. f7 Kg5 53. f8=Q Rxf8 54. Nxf8 e5 55. Rf7 d4+ 
56. cxd4 e4 57. Ne6+ Kg4 58. Rf4+ Kh5 59. h3 c3 60. Rf8 g5 61. Rf6 g4 62. Kf4 c2 
63. hxg4# 1-0

[Event "Thursday 05 April Rapid Engine Tour 12+1 Rounds 9 Starts 1600ST"]
[Site "Infinity Chess"]
[Date "2018.4.5"]
[Round "9"]
[White "Vimtiroba"]
[Black "Time_bandit"]
[Result "0-1"]
[ECO "C44"]
[WhiteElo "2411"]
[BlackElo "2431"]
[WhiteEngine "SF9 ''M24''_CTG"]
[BlackEngine "asmFishW_2018-02-02_popcnt"]
[EventType "Swiss"]
[WhiteTeam ""]
[BlackTeam ""]
[PlyCount "50"]
[TimeControl "720+1"]

1. e4 e5 2. Nf3 Nc6 3. g3 Nf6 4. d3 d5 5. Nbd2 dxe4 6. dxe4 Bc5 7. Bg2 O-O 
8. O-O Qe7 9. c3 a5 10. Qa4 Bd7 11. Qc2 Be6 12. Ng5 Bc8 13. Nc4 Ng4 14. Qe2 b6 
15. a4 Ba6 16. b3 Nf6 17. Ra2 b5 18. axb5 Bxb5 19. Ra4 Bxa4 20. bxa4 h6 
21. Nf3 Qe6 22. Nh4 Ne7 23. Nf5 Rfe8 24. Re1 Rab8 25. Be3 Bxe3 0-1

[Event "Thursday 05 April Rapid Engine Tour 12+1 Rounds 9 Starts 1600ST"]
[Site "Infinity Chess"]
[Date "2018.4.5"]
[Round "9"]
[White "Thinker"]
[Black "KQRBNP"]
[Result "1/2-1/2"]
[ECO "C50"]
[WhiteElo "2442"]
[BlackElo "2404"]
[WhiteEngine "BrainFish_180329_x64_modern_CTG"]
[BlackEngine "Eman 1.70-beta15 64-bit POPCNT"]
[EventType "Swiss"]
[WhiteTeam ""]
[BlackTeam ""]
[PlyCount "81"]
[TimeControl "720+1"]

1. e4 e5 2. Nf3 Nc6 3. Bc4 Bc5 4. d3 Nf6 5. c3 d6 6. O-O O-O 7. h3 a5 8. Nbd2 h6 
9. Re1 Be6 10. b3 Ba7 11. Nf1 d5 12. exd5 Nxd5 13. Bd2 Qf6 14. N1h2 Rad8 
15. Ng4 Bxg4 16. hxg4 e4 17. g5 hxg5 18. Bxg5 Nxc3 19. Bxf6 Nxd1 20. Bxd8 Bxf2+ 
21. Kh1 exf3 22. Rf1 Ne3 23. Rxf2 fxg2+ 24. Kg1 Nxd8 25. Re1 Nxc4 26. bxc4 Nc6 
27. Rxg2 Rd8 28. Rb1 b6 29. c5 Nb4 30. a3 Nd5 31. cxb6 cxb6 32. Rg4 Ne3 
33. Rf4 Rxd3 34. Rxb6 Rxa3 35. Rb8+ Kh7 36. Rxf7 Ra1+ 37. Kh2 a4 38. Rbb7 Kh6 
39. Rxg7 a3 40. Rg1 Rxg1 41. Kxg1 1/2-1/2

[Event "Thursday 05 April Rapid Engine Tour 12+1 Rounds 9 Starts 1600ST"]
[Site "Infinity Chess"]
[Date "2018.4.5"]
[Round "9"]
[White "RonWeasley"]
[Black "Prometheus"]
[Result "1-0"]
[ECO "E32"]
[WhiteElo "2474"]
[BlackElo "2450"]
[WhiteEngine "BrainFish 010418 WM_CTG"]
[BlackEngine "Eman 1.70-beta15 64-bit BMI2"]
[EventType "Swiss"]
[WhiteTeam ""]
[BlackTeam ""]
[PlyCount "151"]
[TimeControl "720+1"]

1. d4 Nf6 2. c4 e6 3. Nc3 Bb4 4. Qc2 O-O 5. e4 d5 6. e5 Ne4 7. Bd3 c5 
8. Nf3 cxd4 9. Nxd4 Nd7 10. Bf4 Qh4 11. g3 Qh3 12. O-O-O Nxc3 13. bxc3 Ba3+ 
14. Kb1 Nb6 15. Bf1 Qh5 16. Be2 Qg6 17. Bd3 Qh5 18. g4 Qh4 19. Nf3 Qh3 
20. Ng5 Qxg4 21. Be3 Be7 22. Rhg1 Qh5 23. Nxh7 Bd7 24. Nf6+ Bxf6 25. exf6 g6 
26. Bxg6 fxg6 27. Rxg6+ Kf7 28. Rg7+ Ke8 29. Rdg1 Rc8 30. R1g5 Qf3 31. Rg8 Qxf6 
32. Qh7 Nxc4 33. Rxf8+ Qxf8 34. Rg8 Qxg8 35. Qxg8+ Ke7 36. Qg7+ Kd6 37. h4 Nxe3 
38. fxe3 Be8 39. Qf8+ Kd7 40. Qg7+ Kd6 41. Qf8+ Kd7 42. Qg8 Rc6 43. h5 Bxh5 
44. Qh7+ Kd6 45. Qxh5 Rxc3 46. Qh2+ Kc6 47. Qe5 Rc5 48. Qxe6+ Kc7 49. Qe5+ Kc6 
50. Qb8 a5 51. a4 Rc4 52. Qc8+ Kb6 53. Qd8+ Kc6 54. Qxa5 Rc5 55. Qd8 b6 
56. Qc8+ Kd6 57. Qb7 Rc6 58. Kb2 Kc5 59. Qe7+ Kc4 60. Qe5 Kb4 61. Qxd5 Rc5 
62. Qd4+ Ka5 63. e4 Ka6 64. e5 Kb7 65. e6 Rc7 66. Qe4+ Kb8 67. e7 Rc8 
68. e8=R Rxe8 69. Qxe8+ Kc7 70. Qe6 Kd8 71. Kb3 Kc7 72. Qe7+ Kc6 73. Kc4 b5+ 
74. axb5+ Kb6 75. Qd7 Ka5 76. Qa7# 1-0

[Event "Thursday 05 April Rapid Engine Tour 12+1 Rounds 9 Starts 1600ST"]
[Site "Infinity Chess"]
[Date "2018.4.5"]
[Round "9"]
[White "THE_MACHINE"]
[Black "Deep_Impact"]
[Result "1/2-1/2"]
[ECO "C42"]
[WhiteElo "2485"]
[BlackElo "2460"]
[WhiteEngine "BrainFish_180404_x64_bmi2"]
[BlackEngine "BrainFish_180404_x64_bmi2"]
[EventType "Swiss"]
[WhiteTeam ""]
[BlackTeam ""]
[PlyCount "133"]
[TimeControl "720+1"]

1. e4 e5 2. Nf3 Nf6 3. Nxe5 d6 4. Nf3 Nxe4 5. d4 d5 6. Bd3 Bd6 7. O-O O-O 
8. c4 c6 9. Nc3 Nxc3 10. bxc3 dxc4 11. Bxc4 Bf5 12. Bg5 Qa5 13. d5 Qc7 
14. Re1 h6 15. Bh4 Bg6 16. h3 Bh5 17. Bb3 c5 18. c4 Nd7 19. Be7 Bxe7 
20. Rxe7 Qd6 21. Re1 Rae8 22. Qd3 Qf4 23. Qd2 Qf6 24. Nh2 a6 25. a4 Qb6 
26. Bd1 Bxd1 27. Rexd1 Qb4 28. Qc2 Nb6 29. Rab1 Qxc4 30. Qxc4 Nxc4 31. Rxb7 Rb8 
32. Rc7 Rfc8 33. Rxc8+ Rxc8 34. d6 Rd8 35. d7 Nb2 36. Rd6 Nxa4 37. Ng4 f6 
38. Rxa6 Nc3 39. Rd6 h5 40. Ne3 Kf7 41. f3 g6 42. g3 Nb5 43. Rd5 Nc7 
44. Rxc5 Rxd7 45. Ra5 Ne6 46. Kf2 Ng5 47. f4 Ne4+ 48. Kf3 Nd2+ 49. Ke2 Nb3 
50. Ra3 Rd2+ 51. Ke1 Rd3 52. Ra7+ Ke8 53. Kf2 Nc5 54. Ra8+ Ke7 55. g4 hxg4 
56. hxg4 Ne4+ 57. Ke2 Rb3 58. f5 Ng3+ 59. Kf2 gxf5 60. Ra7+ Kd6 61. Kxg3 Rxe3+ 
62. Kf2 f4 63. Ra6+ Kc5 64. Rxf6 Kd5 65. g5 Ke4 66. g6 Rg3 67. g7 1/2-1/2

[Event "Thursday 05 April Rapid Engine Tour 12+1 Rounds 9 Starts 1600ST"]
[Site "Infinity Chess"]
[Date "2018.4.5"]
[Round "9"]
[White "Eman"]
[Black "ivrdurant"]
[Result "1/2-1/2"]
[ECO "C77"]
[WhiteElo "2492"]
[BlackElo "2469"]
[WhiteEngine "Eman 1.70-beta15 64-bit POPCNT"]
[BlackEngine "Raubfisch ME262_GTZ16d4"]
[EventType "Swiss"]
[WhiteTeam ""]
[BlackTeam ""]
[PlyCount "137"]
[TimeControl "720+1"]

1. e4 e5 2. Nf3 Nc6 3. Bb5 a6 4. Ba4 Nf6 5. O-O Be7 6. Re1 b5 7. Bb3 O-O 
8. a4 b4 9. a5 d6 10. d3 Be6 11. Bxe6 fxe6 12. Nbd2 Rb8 13. Qe2 Qc8 14. Nc4 Nd7 
15. Be3 Rb5 16. c3 Bf6 17. d4 Qb7 18. Rec1 Rf7 19. Ncd2 bxc3 20. bxc3 exd4 
21. cxd4 e5 22. d5 Nd4 23. Qf1 Nc5 24. Rab1 Re7 25. Rxb5 Qxb5 26. Qxb5 axb5 
27. Kf1 Re8 28. h4 h5 29. g3 Kf8 30. Kg2 Kg8 31. Rb1 Rb8 32. Nxd4 exd4 
33. Bg5 Bxg5 34. hxg5 b4 35. f3 Rb5 36. Nb3 d3 37. a6 Nxa6 38. Kf2 Kh7 39. f4 d2 
40. Ke3 Nc5 41. Nxd2 b3 42. Kd4 b2 43. Kc4 Rb8 44. e5 g6 45. e6 Kg7 46. Kc3 Kf8 
47. Kc2 Na6 48. Rxb2 Rxb2+ 49. Kxb2 Nb4 50. Nf3 Nxd5 51. Nh4 Ke7 52. Nxg6+ Kxe6 
53. Nh4 Kf7 54. f5 Ne3 55. Kb3 c5 56. Kc3 d5 57. f6 Nc4 58. Kd3 Ne5+ 59. Ke3 Ke6 
60. Nf3 d4+ 61. Ke4 Nxf3 62. Kxf3 c4 63. Ke4 c3 64. Kd3 Kf7 65. Kc2 Kg6 
66. Kb3 Kf7 67. Kc2 Kg6 68. Kd3 Kf7 69. Kc2 1/2-1/2

[Event "Thursday 05 April Rapid Engine Tour 12+1 Rounds 9 Starts 1600ST"]
[Site "Infinity Chess"]
[Date "2018.4.5"]
[Round "9"]
[White "MarioDeMonti"]
[Black "hafaba"]
[Result "1/2-1/2"]
[ECO "C55"]
[WhiteElo "2499"]
[BlackElo "2472"]
[WhiteEngine "stockfish_x64_bmi2_2018_02_18_CTG"]
[BlackEngine "Eman 1.70-beta15 64-bit POPCNT"]
[EventType "Swiss"]
[WhiteTeam ""]
[BlackTeam ""]
[PlyCount "137"]
[TimeControl "720+1"]

1. e4 e5 2. Nf3 Nc6 3. Bc4 Nf6 4. d3 Bc5 5. c3 d6 6. O-O O-O 7. Re1 h6 8. h3 a5 
9. Nbd2 Be6 10. Bb5 Qb8 11. Nf1 Qa7 12. Ne3 a4 13. Bxc6 bxc6 14. Nh4 Bxe3 
15. Bxe3 c5 16. c4 Qb8 17. Rb1 Kh7 18. g4 Ng8 19. Kh2 Ne7 20. Rg1 Qe8 
21. Nf5 Nc6 22. f4 Bd7 23. Qd2 exf4 24. Bxf4 g5 25. Bg3 Bxf5 26. gxf5 f6 
27. Qd1 h5 28. Be1 Ne5 29. Rg2 Rh8 30. Bc3 Qe7 31. Kg1 Kg7 32. Kh1 Qf7 
33. Rc1 Qe7 34. Rb1 g4 35. b3 axb3 36. Rxb3 Kf7 37. Bxe5 fxe5 38. Rh2 Kf6 
39. Qe1 Qg7 40. Qh4+ Qg5 41. Qxg5+ Kxg5 42. hxg4 hxg4 43. Rxh8 Rxh8+ 44. Kg2 Ra8 
45. Kg3 Rxa2 46. Rb8 Ra3 47. Rg8+ Kf6 48. Kxg4 Rxd3 49. Rg6+ Kf7 50. Kg5 Re3 
51. Rf6+ Ke7 52. Rg6 Rxe4 53. Rg7+ Kd8 54. Kf6 Rxc4 55. Ke6 Kc8 56. Rg8+ Kb7 
57. f6 Rf4 58. f7 c4 59. f8=Q Rxf8 60. Rxf8 Kc6 61. Rf1 Kc5 62. Rc1 e4 
63. Kf5 Kd4 64. Rd1+ Ke3 65. Re1+ Kd2 66. Rxe4 c3 67. Rd4+ Ke1 68. Ra4 c2 
69. Rc4 1/2-1/2